 Dungeon Crawl Stone Soup version bcrawl-1.40.3b (webtiles) character file.

Game seed: 4650563140790998932

296155 Mrcake the Geomancer (level 11, -2/56 HPs)
             Began as a Gargoyle Earth Elementalist on Feb 2, 2024.
             Was a Priest of Vehumet.
             Slain by a swamp dragon (10 damage)
             ... on level 9 of the Dungeon.
             The game lasted 01:12:52 (10757 turns).

Mrcake the Geomancer (Gargoyle Earth Elementalist) Turns: 10757, Time: 01:12:53

Health: -2/56      AC: 15    Str: 12    XL:     11   Next: 16%
Magic:  22/25      EV: 10    Int: 19    God:    Vehumet [***...]
Gold:   109        SH:  3    Dex: 15    Spells: 17/30 levels left

rFire    . . .     GDR:     36% u - +5 quarterstaff (chaos)
rCold    . . .     SeeInvis .   (shield currently unavailable)
rNeg     + . .     Gourm    .   k - +0 ring mail
rPois    ∞         Faith    .   j - +0 helmet
rElec    +         Spirit   .   t - +0 cloak
rCorr    .         Reflect  +   (no gloves)
MR       .....                  (no boots)
Stlth    ++........             G - +3 amulet of reflection
HPRegen  0.19/turn              i - +5 ring of dexterity
MPRegen  0.19/turn              (no ring)

@: no status effects
A: negative energy resistance 1, electricity resistance, partial torment
resistance, unbreathing, petrification resistance, rot immunity, AC +8
a: Renounce Religion


You were on level 9 of the Dungeon.
You worshipped Vehumet.
Vehumet was most pleased with you.
You were not hungry.

You visited 2 branches of the dungeon, and saw 10 of its levels.

You collected 631 gold pieces.
You spent 522 gold pieces at shops.

Inventory:

Hand Weapons
 a - a +0 hand axe
 g - a +2 spear of piercing
 u - a +5 quarterstaff of chaos (weapon)
Missiles
 b - 1744 stones (quivered)
Armour
 d - a +0 scale mail
 j - a +0 helmet (worn)
 k - a +0 ring mail (worn)
 n - a +0 chain mail
 t - a +0 cloak (worn)
Jewellery
 i - a +5 ring of dexterity (left hand)
 G - a +3 amulet of reflection (around neck)
 H - an uncursed ring of magical power {unknown}
Wands
 p - a wand of random effects (6)
 x - a wand of flame (21)
 B - a wand of paralysis (8)
 I - a wand of polymorph (10)
Scrolls
 f - 5 scrolls of immolation
 h - 3 scrolls of teleportation
 l - 3 scrolls of remove curse
 m - a scroll of enchant armour
 o - 3 scrolls of enchant weapon
 q - 2 scrolls of revelation
 y - a scroll of noise
 E - 3 scrolls of amnesia
Potions
 c - a potion of resistance
 r - 2 potions of mutation
 s - a potion of heal wounds
 v - a potion of brilliance
 w - a potion of flight
 z - a potion of agility
 A - a potion of berserk rage
 C - a potion of curing
 D - a potion of lignification
 F - a potion of magic {unknown}
Comestibles
 e - 11 rations {!d}


   Skills:
 + Level 1.0 Fighting
 - Level 5.1(5.5) Polearms
 + Level 2.9(4.7) Staves
 - Level 1.6 Dodging
 - Level 2.8 Stealth
 - Level 1.0 Unarmed Combat
 + Level 10.1 Spellcasting
 - Level 0.7 Transmutations
 * Level 13.1 Earth Magic


You had 17 spell levels left.
You knew the following spells:

 Your Spells              Type           Power        Failure   Level  Hunger
a - Sandblast             Erth           ######       1%          1    None
b - Lee's Rapid Deconstr  Erth           ######....   1%          5    ####...
c - Stone Arrow           Conj/Erth      ####..       1%          3    None
d - Petrify               Tmut/Erth      #####.....   10%         4    None

Your spell library contained the following spells:

 Spells                   Type           Power        Failure   Level  Hunger
 Sticky Flame             Conj/Fire      #.......     38%         4    None
 Passwall                 Tmut/Erth      #####...     1%          2    None
 Magic Dart               Conj           #...         4%          1    None
 Beastly Appendage        Tmut           ##....       12%         1    None
 Conjure Flame            Conj/Fire      #.......     13%         3    None
 Mephitic Cloud           Conj/Pois/Air  #.......     13%         3    None
 Sticks to Snakes         Tmut           ##......     19%         2    None
 Blink                    Tloc           N/A          26%         2    None
 Call Imp                 Summ           #.....       26%         2    None
 Spider Form              Tmut/Pois      ##.          41%         3    None
 Ice Form                 Ice/Tmut       ##......     82%         4    None
 Blade Hands              Tmut           ##........   98%         5    ####...


Dungeon Overview and Level Annotations

Branches:
Dungeon (9/12)             Temple (1/1) D:7            Lair (0/6) D:9
    Orc: D:8-11

Altars:
Ashenzari
Cheibriados
Dithmenos
Elyvilon
Fedhas
Gozag
Hepliaklqana
Lugonu
Makhleb
Nemelex Xobeh
Okawaru
Qazlal
Ru
Sif Muna
Trog
Uskayaw
Vehumet
Wu Jian
Xom
Yredelemnul
Zin

Shops:
D:4 =*   D:5 ?   D:8 :??=

Portals:
Trove: D:9 (give +8 scythe)


Innate Abilities, Weirdness & Mutations

You are resistant to torment.
Your stone body is resilient. (AC +8)
You are immune to poison.
You resist negative energy. (rN+)
You are resistant to electric shocks. (rElec)
You are less affected by unholy pain and torment.
You can survive without breathing.
You are immune to petrification.
You are immune to rotting.


Message History

The blast of poison engulfs you but does no damage.
The swamp dragon bites you but does no damage.
The swamp dragon claws you!
* * * LOW HITPOINT WARNING * * *
The swamp dragon closely misses you.
Casting: Sandblast (safe; 1% risk of failure)
Confirm with . or Enter, or press ? or * to list all spells.
Aiming: Sandblast (safe; 1% risk of failure)
Press: ? - help, Shift-Dir - straight line, f/p - swamp dragon
Aim: a swamp dragon (poison gas, severely wounded, catching its breath)
The blast of sand hits the swamp dragon!
The swamp dragon is almost dead.
b - 1744 stones The swamp dragon barely misses you.
The swamp dragon claws you.
* * * LOW HITPOINT WARNING * * *
The swamp dragon tramples you but does no damage.
Your ring mail prevents you from hitting the swamp dragon.
The swamp dragon is almost dead.
The swamp dragon bites you!
You die...

#.............#
##...#..#######
#..##...#
#..#.#..#
#..°#.#.#
##..)○##.#
##P...°##.#
#PPP....#.#
#PPP..D@#.#
#PPPPP○°..#
#PPPPP....#
#PPPPP....#
#PP...P..##
#P.>.PP..#
#P..PP.P##


#PPPPPP.# ##PPPPP## You could see a swamp dragon.

Vanquished Creatures
  A hydra (D:8)
  Pikel (D:8)
  The ghost of foxfromabyss the Sneak, a novice GnSA of Cheibriados (D:4)
  A troll (D:9)
  A slime creature (D:8)
  2 dream sheep (D:8)
  Prince Ribbit (D:5)
  2 hippogriffs (D:6)
  A meliai zombie (D:8)
  5 yaks
  Eustachio (D:6)
  A hungry ghost (D:9)
  Menkaure (D:5)
  Edmund (D:5)
  A crocodile (D:9)
  2 water moccasins
  Duvessa (D:6)
  3 orc warriors
  A hornet zombie (D:9)
  A sky beast (D:9)
  3 slaves (D:8)
  3 ogres
  A phantom (D:6)
  A bullfrog (D:8)
  5 kobold brigands
  A gnoll sergeant (D:8)
  2 centaurs
  2 scorpions
  5 killer bees (D:7)
  5 orc priests
  4 crimson imps
  2 bullfrog zombies
  4 hounds
  4 jellies
  A bullfrog skeleton (D:5)
  Crazy Yiuf (D:2)
  Jessica (D:3)
  2 iguanas
  3 orc wizards
  9 worker ants
  2 hound skeletons
  2 worker ant zombies
  2 adders
  5 gnolls (D:8)
  2 shadow imps
  An ooze (D:3)
  An adder skeleton (D:4)
  4 worms
  A dart slug (D:3)
  3 leopard geckos
  25 orcs
  3 bats
  5 giant cockroaches
  3 goblins
  3 hobgoblins
  8 jackals
  A quokka (D:5)
  3 ball pythons
  7 frilled lizards
  2 gnoll zombies (D:2)
  A jackal skeleton (D:7)
  19 kobolds
191 creatures vanquished.

Vanquished Creatures (others)
  A plant (D:9)
1 creature vanquished.

Grand Total: 192 creatures vanquished

Notes
Turn   | Place    | Note
-------+----------+-------------------------------------------
     0 | D:1      | Mrcake the Gargoyle Earth Elementalist began the quest for
                  | the Orb.
     0 | D:1      | Reached XP level 1. HP: 10/10 MP: 3/3
   148 | D:1      | Reached XP level 2. HP: 15/15 MP: 3/5
   268 | D:1      | Reached skill level 4 in Earth Magic
  1227 | D:2      | Reached XP level 3. HP: 9/19 MP: 3/6
  1358 | D:2      | Found a radiant altar of Vehumet.
  1471 | D:2      | Became a worshipper of Vehumet
  1748 | D:2      | Found a basalt altar of Yredelemnul.
  2040 | D:2      | Found a runed door.
  2205 | D:2      | Noticed Crazy Yiuf
  2207 | D:2      | Killed Crazy Yiuf
  2208 | D:2      | Reached XP level 4. HP: 24/24 MP: 4/8
  2389 | D:3      | Noticed Jessica
  2412 | D:3      | Killed Jessica
  2413 | D:3      | Reached skill level 5 in Earth Magic
  2493 | D:3      | Reached XP level 5. HP: 27/28 MP: 5/10
  2709 | D:3      | Reached * piety under Vehumet
  2709 | D:3      | Offered knowledge of Magic Dart by Vehumet.
  2719 | D:3      | Learned a level 5 spell: Lee's Rapid Deconstruction
  3100 | D:3      | Found a burning altar of Makhleb.
  3340 | D:4      | Found Saobi's Jewellery Shoppe.
  3522 | D:4      | Reached skill level 6 in Earth Magic
  3590 | D:4      | Found Festo's Serpentskin Sales.
  3590 | D:4      | Noticed a water moccasin
  3600 | D:4      | Killed a water moccasin
  3601 | D:4      | Reached XP level 6. HP: 24/32 MP: 10/12
  3662 | D:4      | Found a transporter.
  3664 | D:4      | Noticed foxfromabyss's ghost (novice GnSA)
  3924 | D:4      | Reached XP level 7. HP: 36/36 MP: 10/14
  3976 | D:4      | Found a transporter.
  4357 | D:4      | Reached skill level 7 in Earth Magic
  4420 | D:4      | Killed foxfromabyss's ghost
  4421 | D:4      | Reached skill level 5 in Spellcasting
  4421 | D:4      | Reached skill level 8 in Earth Magic
  4530 | D:5      | Entered Level 5 of the Dungeon
  4536 | D:5      | Reached XP level 8. HP: 34/41 MP: 13/16
  4655 | D:5      | Noticed Prince Ribbit
  4661 | D:5      | Killed Prince Ribbit
  4661 | D:5      | Reached ** piety under Vehumet
  4661 | D:5      | Offered knowledge of Searing Ray by Vehumet.
  4745 | D:5      | Found an opulent altar of Gozag.
  4797 | D:5      | Found Zoczykh's Magic Scroll Shop.
  4813 | D:5      | Noticed Edmund
  4825 | D:5      | Killed Edmund
  4826 | D:5      | Reached skill level 9 in Earth Magic
  5100 | D:5      | Found an ornate altar of the Wu Jian Council.
  5230 | D:5      | Found a corrupted altar of Lugonu.
  5721 | D:5      | Noticed Menkaure
  5723 | D:5      | Found a blossoming altar of Fedhas.
  5734 | D:5      | Killed Menkaure
  5735 | D:5      | Reached skill level 10 in Earth Magic
  5735 | D:5      | Reached XP level 9. HP: 45/45 MP: 14/20
  6016 | D:6      | Noticed Duvessa
  6248 | D:6      | Killed Duvessa
  6856 | D:6      | Reached skill level 1 in Polearms
  6856 | D:6      | Reached skill level 11 in Earth Magic
  6957 | D:6      | Offered knowledge of Shock by Vehumet.
  7089 | D:6      | Noticed Eustachio
  7109 | D:6      | Killed Eustachio
  7341 | D:7      | Found a staircase to the Ecumenical Temple.
  7364 | Temple   | Entered the Ecumenical Temple
  8105 | D:7      | Found a snail-covered altar of Cheibriados.
  8259 | D:8      | Noticed Pikel
  8275 | D:8      | Killed Pikel
  8276 | D:8      | Reached XP level 10. HP: 50/50 MP: 7/23
  8371 | D:8      | Found Gykoiwosux's Magic Scroll Shop.
  8495 | D:8      | Found Oclosu's Magic Scroll Emporium.
  8511 | D:8      | Found Yskusuat's Jewellery Emporium.
  8520 | D:8      | Bought a +5 ring of dexterity for 269 gold pieces
  8520 | D:8      | Bought a +3 amulet of reflection for 253 gold pieces
  8534 | D:8      | Learned a level 3 spell: Stone Arrow
  8539 | D:8      | Learned a level 4 spell: Petrify
  8552 | D:8      | Found a sacrificial altar of Ru.
  8601 | D:8      | Reached skill level 12 in Earth Magic
  8623 | D:8      | Reached *** piety under Vehumet
  8762 | D:8      | Found Zudeung's Book Emporium.
  8912 | D:8      | Found a hazy altar of Hepliaklqana.
  8914 | D:8      | Found a bloodstained altar of Trog.
  8916 | D:8      | Found a glowing silver altar of Zin.
  9192 | D:8      | Noticed a three-headed hydra
  9493 | D:8      | Killed a three-headed hydra
  9494 | D:8      | Reached skill level 5 in Polearms
  9717 | D:9      | Reached skill level 1 in Staves
 10069 | D:9      | Found a portal to a secret trove of treasure.
 10131 | D:9      | Offered knowledge of Sticky Flame by Vehumet.
 10207 | D:9      | Reached XP level 11. HP: 54/54 MP: 18/24
 10225 | D:9      | Reached skill level 10 in Spellcasting
 10382 | D:9      | Reached skill level 13 in Earth Magic
 10421 | D:9      | Reached skill level 1 in Fighting
 10724 | D:9      | Found a staircase to the Lair.
 10740 | D:9      | Noticed a swamp dragon
 10740 | D:9      | a komodo dragon changed into a swamp dragon
 10757 | D:9      | Slain by a swamp dragon

Skill      XL: |  1  2  3  4  5  6  7  8  9 10 11 |
---------------+----------------------------------+-----
Earth Magic    | 4 5 6 8 10 11 12 13 | 13.1
Spellcasting   | 3 4 5 7 9 10 | 10.1
Polearms       | 3 5 |  5.1
Staves         | 1 2 |  2.9
Fighting       | 1 |  1.0
Dodging        | |  1.6
Stealth        | |  2.8
Unarmed Combat | |  1.0
Transmutations | |  0.7

Action                   |  1- 3 |  4- 6 |  7- 9 | 10-12 || total
-------------------------+-------+-------+-------+-------++-------
Melee: Unarmed           |     2 |       |       |       ||     2
       Spear             |    29 |       |       |       ||    29
       Hand axe          |     4 |       |       |       ||     4
       Quarterstaff      |       |    62 |    64 |    66 ||   192
 Cast: Sandblast         |    22 |    38 |    53 |    12 ||   125
       Lee's Rapid Decon |       |     4 |    34 |    41 ||    79
       Stone Arrow       |       |       |       |    18 ||    18
  Use: Scroll            |       |    13 |     3 |     5 ||    21
       Potion            |       |       |     1 |       ||     1
 Stab: Distracted        |       |     1 |       |       ||     1
       Sleeping          |       |     1 |       |       ||     1
       Paralysed         |       |       |       |     1 ||     1
  Eat: Chunk             |     5 |     4 |     8 |    11 ||    28
       Ration            |     2 |       |     6 |     1 ||     9
Armor: Robe              |    19 |     8 |       |       ||    27
       Ring mail         |       |    15 |    54 |    48 ||   117
Dodge: Dodged            |    23 |    41 |    56 |    63 ||   183
Block: Large shield      |     7 |       |       |       ||     7
       Other             |       |       |       |     9 ||     9
